 Dungeon Crawl Stone Soup version 0.30.0-30-g96aa6591b8 (webtiles) character file.

Game seed: 13240931089789278487

114 Sabo the Chopper (level 4, -1/35 HPs)
             Began as a Demonspawn Monk on June 30, 2023.
             Slain by a gnoll
             ... wielding a +0 halberd
              (9 damage)
             ... on level 3 of the Dungeon.
             The game lasted 00:11:28 (2590 turns).

Sabo the Chopper (Demonspawn Monk)                  Turns: 2590, Time: 00:11:28

Health: -1/35      AC: 11    Str: 13    XL:     4   Next: 66%
Magic:  4/4        EV:  7    Int: 11    God:
Gold:   113        SH:  0    Dex: 16    Spells: 3/3 levels left

rFire   . . .        a - +0 hand axe
rCold   . . .        d - orb {light}
rNeg    . . .        e - +0 chain mail
rPois   .            f - +0 helmet
rElec   .            (no cloak)
rCorr   .            (no gloves)
SInv    .            (no boots)
Will    .....        (no amulet) Stlth
                     (no ring)
HPRegen 0.25/turn    (no ring)
MPRegen 0.18/turn

%: no passive effects
@: glowing
A: thin metallic scales 1, magic regeneration
a: no special abilities


You were on level 3 of the Dungeon.
You visited 1 branch of the dungeon, and saw 3 of its levels.

You collected 113 gold pieces.

Inventory:

Hand Weapons
 a - a +0 hand axe (weapon)
Missiles
 t - 5 boomerangs (quivered)
Armour
 d - an orb of light (worn)
 e - a +0 chain mail (worn)
 f - a +0 helmet (worn)
 h - a +0 leather armour of poison resistance
Jewellery
 v - a ring of fire
Scrolls
 b - a scroll of enchant armour
 i - a scroll of brand weapon {unknown}
 j - a scroll of fog {unknown}
 n - a scroll of magic mapping {unknown}
 o - a scroll of teleportation {unknown}
 u - a scroll of poison {unknown}
Potions
 c - a potion of ambrosia
 k - a potion of heal wounds {unknown}
 l - 2 potions of degeneration {unknown}
 m - a potion of curing
 q - a potion of flight {unknown}
 r - a potion of might {unknown}
 s - a potion of lignification {unknown}


   Skills:
 + Level 3.4 Fighting
 + Level 4.2 Axes
 + Level 0.8 Armour
 + Level 3.1 Dodging


You had 3 spell levels left.
You didn't know any spells.
Your spell library contained the following spells:

 Spells                   Type           Power      Damage    Failure   Level
 Sandblast                Erth           0%         2d4       100%        1
 Passwall                 Tmut/Erth      0%         N/A       100%        2
 Stone Arrow              Conj/Erth      0%         3d7       100%        3


Dungeon Overview and Level Annotations

Branches:
Dungeon (3/15)

Altars:


Innate Abilities, Weirdness & Mutations

You are partially covered in thin metallic scales. (AC +2)
You regenerate magic rapidly.


Message History

You hit the gnoll.
The gnoll is almost dead.
The gnoll hits you but does no damage. The gnoll completely misses you.
You slash the gnoll!
You kill the gnoll!
The gnoll misses you.
The gnoll hits you from afar with a +0 halberd.
The gnoll closely misses you.
Things that are here:
a +0 club; a gnoll corpse You hit the gnoll but do no damage.
The gnoll hits you from afar with a +0 halberd!
The gnoll closely misses you.
The gnoll hits you from afar with a +0 halberd!
The gnoll hits you but does no damage.
You hit the gnoll.
The gnoll is moderately wounded.
The gnoll hits you but does no damage. The gnoll barely misses you.
You hit the gnoll but do no damage.
The gnoll is moderately wounded.
The gnoll closely misses you. The gnoll hits you with a +0 spear.
You hit the gnoll.
The gnoll is heavily wounded.
The gnoll barely misses you. The gnoll hits you but does no damage.
You hit the gnoll.
The gnoll is almost dead.
The gnoll hits you from afar with a +0 halberd!
* * * LOW HITPOINT WARNING * * *
The gnoll hits you but does no damage.
You hit the gnoll.
You kill the gnoll!
The gnoll hits you from afar with a +0 halberd.
* * * LOW HITPOINT WARNING * * *
The gnoll barely misses you.
There is an open door, spattered with blood here.
You see here a +0 spear.
You hit the gnoll.
The gnoll is moderately wounded.
The gnoll hits you with a +0 halberd!
You die...

##'....).#.#.#.#
#.#.......#.#.#.
#####..........###
#..........#####
#.##.......#
#.##<......#
#.###......# #)#
######## #@#
#....g....?#
#..........#
#..........#
#####+##...# ...#
..# #.#


You could see a gnoll.

Vanquished Creatures
  3 gnolls
  2 adders (D:2)
  A worm (D:2)
  A dart slug (D:1)
  3 endoplasms
  5 giant cockroaches
  10 goblins
  6 hobgoblins
  7 kobolds
  2 quokkas
  5 ball pythons
  6 bats
  6 rats
57 creatures vanquished.

Notes
Turn   | Place    | Note
-------+----------+-------------------------------------------
     0 | D:1      | Sabo the Demonspawn Monk began the quest for the Orb.
     0 | D:1      | Reached XP level 1. HP: 18/18 MP: 1/1
   239 | D:1      | Gained mutation: You are partially covered in thin metallic
                  | scales. (AC +2) [demonic ancestry]
   239 | D:1      | Reached XP level 2. HP: 24/24 MP: 2/2
   244 | D:1      | Reached skill level 3 in Axes
   788 | D:1      | Gained mutation: You regenerate magic rapidly. [demonic
                  | ancestry]
   788 | D:1      | Reached XP level 3. HP: 29/29 MP: 3/3
  1738 | D:2      | Reached XP level 4. HP: 35/35 MP: 4/4
  2535 | D:3      | Reached skill level 4 in Axes
  2590 | D:3      | Slain by a gnoll

Illustrated notes

Levels and vault maps discovered:
D:1:      dpeg_arrival_prison, layout_basic, minmay_tetromino_t4
D:2:      layout_basic
D:3:      minmay_razor_zed, layout_basic

Skill      XL: |  1  2  3  4 |
---------------+-------------+-----
Axes           | 3 4 |  4.2
Dodging        | 3 |  3.1
Fighting       | |  3.4
Armour         | |  0.8

Action                     |  1- 3 |  4- 6 || total
---------------------------+-------+-------++-------
  Melee: Hand axe          |   128 |    49 ||   177
    Use: Potion            |     1 |       ||     1
         Scroll            |       |     2 ||     2
 Armour: Chain mail        |    94 |    32 ||   126
         Robe              |     4 |       ||     4
  Dodge: Dodged            |    62 |    13 ||    75
